 Dungeon Crawl Stone Soup version 0.31-a0-799-g6bc09d010c (webtiles) character file.

Game seed: 18263305572955430191

53900 2FriedEggs the Spry (level 14, -18/61 HPs)
             Began as a Spriggan Hunter on Sept 19, 2023.
             Was the Champion of Qazlal.
             Blown up by an orb spider (shapeshifter) (55 damage)
             ... with an orb of destruction
             ... on level 5 of the Lair of Beasts on Sept 20, 2023.
             The game lasted 00:32:58 (15247 turns).

2FriedEggs the Spry (Spriggan Hunter)              Turns: 15247, Time: 00:32:59

Health: -18/61     AC: 11    Str:  7    XL:     14   Next: 32%
Magic:  25/25      EV: 35    Int: 14    God:    Qazlal [******]
Gold:   1065       SH: 13    Dex: 22    Spells: 13/13 levels left

rFire   . . .        l - +0 orcbow (heavy)
rCold   . . .        (shield currently unavailable)
rNeg    . . .        N - +0 acid dragon scales
rPois   +            W - +0 hat
rElec   +            v - +2 cloak
rCorr   +            (gloves unavailable)
SInv    +            (boots unavailable)
Will    ++...        J - amulet of reflection
Stlth   +            M - ring of the Quick God {Drain +Blink rElec rPois rCorr}
HPRegen 0.30/turn    K - ring of Temperance {Fly EV+5 Int+2}
MPRegen 0.19/turn

%: repel missiles, reflection
@: flying, studying Armour, very quick
A: very small, no large weapons, unfitting armour, see invisible, speed 3
a: Renounce Religion, Evoke Blink, Upheaval, Elemental Force, Disaster Area


You were on level 5 of the Lair of Beasts.
You worshipped Qazlal.
Qazlal was exalted by your worship.
You visited 3 branches of the dungeon, and saw 17 of its levels.
You also visited: Bailey.

You collected 1065 gold pieces.

Inventory:

Hand Weapons
 a - a +1 shortbow
 l - a +0 heavy orcbow (weapon)
 C - the +4 mace of Equilibrium {speed, +Blink Will+ Str+5 Stlth-}
   (You found it in a bailey)

   Str+5:     It affects your strength (+5).
   Will+:     It increases your willpower.
   +Blink:    It lets you blink.
   Stlth-:    It makes you less stealthy.
 G - a +0 orcbow
Missiles
 p - 2 curare-tipped darts
Armour
 c - a +0 robe
 v - a +2 cloak (worn)
 w - an orb of mayhem
 N - +0 acid dragon scales (worn)
 W - a +0 hat (worn)
Jewellery
 m - a +6 ring of dexterity
 o - an amulet of guardian spirit
 H - an amulet of the acrobat
 J - an amulet of reflection (around neck)
 K - the ring of Temperance (right hand) {Fly EV+5 Int+2}
   (You took it off a kobold brigand on level 11 of the Dungeon)

   [ring of evasion]

   EV+5:      It affects your evasion (+5).
   Int+2:     It affects your intelligence (+2).
   Fly:       It grants you flight.
 L - the ring "Hibrud" {Int+6 Dex+2}
   (You found it on level 11 of the Dungeon)

   [ring of intelligence]

   Int+6:     It affects your intelligence (+6).
   Dex+2:     It affects your dexterity (+2).
 M - the ring of the Quick God (left hand) {Drain +Blink rElec rPois rCorr}
   (You found it on level 11 of the Dungeon)

   [ring of resist corrosion]

   rElec:     It insulates you from electricity.
   rPois:     It protects you from poison +Blink: It lets you blink.
   rCorr:     It protects you from acid and corrosion.
   Drain:     It drains your maximum health when unequipped.
 O - a ring of wizardry
 U - a +6 ring of intelligence
Wands
 j - a wand of flame (37)
 t - a wand of iceblast (35)
 P - a wand of mindburst (7)
 Q - a wand of digging (5)
 S - a wand of paralysis (3)
 V - a wand of acid (6)
Scrolls
 e - 2 scrolls of blinking
 f - 2 scrolls of torment
 i - 3 scrolls of fear
 n - 5 scrolls of revelation
 q - 6 scrolls of amnesia
 s - 2 scrolls of enchant weapon
 y - 5 scrolls of fog
 A - a scroll of acquirement
 B - 2 scrolls of summoning
 E - 12 scrolls of identify
 F - 3 scrolls of teleportation
 R - 2 scrolls of noise {unknown}
 X - a scroll of immolation
Potions
 b - 3 potions of might {unknown}
 d - 2 potions of lignification {unknown}
 g - 15 potions of curing {unknown}
 h - 6 potions of invisibility {unknown}
 k - 3 potions of resistance {unknown}
 r - 3 potions of brilliance {unknown}
 u - 3 potions of attraction {unknown}
 x - 3 potions of mutation {unknown}
 z - a potion of heal wounds {unknown}
 D - 3 potions of haste {unknown}
 I - 3 potions of berserk rage {unknown}
 T - a potion of ambrosia {unknown}
 Y - a potion of enlightenment {unknown}
 Z - a potion of degeneration {unknown}


   Skills:
 - Level 1.5 Fighting
 - Level 16.0 Ranged Weapons
 + Level 7.0 Armour
 + Level 16.8 Dodging
 - Level 1.5 Stealth
 * Level 14.1 Invocations


You had 13 spell levels left.
You didn't know any spells.
Your spell library contained the following spells:

 Spells                   Type           Power      Damage    Failure   Level
 Foxfire                  Conj/Fire      0%         2x1d4     43%         1
 Freeze                   Ice            0%         1d3       43%         1
 Necrotise                Necr           0%         1d4       43%         1
 Shock                    Conj/Air       0%         1d3       43%         1
 Blink                    Tloc           0%         N/A       58%         2
 Cigotuvi's Dreadful Rot  Necr/Pois/Air  0%         N/A       58%         2
 Lesser Beckoning         Tloc           0%         N/A       58%         2
 Momentum Strike          Conj/Tloc      0%         3d8       58%         2
 Static Discharge         Conj/Air       0%         2-2/arc   58%         2
 Dazzling Flash           Conj/Hex       0%         N/A       82%         3
 Frozen Ramparts          Ice            0%         1d1       82%         3
 Hailstorm                Conj/Ice       0%         3d3       82%         3
 Ignite Poison            Fire/Tmut/Pois 0%         N/A       82%         3
 Inner Flame              Hex/Fire       0%         N/A       82%         3
 Ozocubu's Armour         Ice            0%         N/A       82%         3
 Swiftness                Air            0%         N/A       82%         3
 Tukima's Dance           Hex            0%         N/A       82%         3
 Vampiric Draining        Necr           0%         2d6       82%         3
 Airstrike                Air            0%         2d(0-16)  99%         4
 Animate Dead             Necr           0%         N/A       99%         4
 Passage of Golubria      Tloc           0%         N/A       99%         4
 Petrify                  Tmut/Erth      0%         N/A       99%         4
 Sticky Flame             Conj/Fire      0%         2d3       99%         4
 Summon Lightning Spire   Summ/Air       0%         N/A       99%         4
 Agony                    Necr           0%         N/A       100%        5
 Borgnjor's Vile Clutch   Necr/Erth      0%         N/A       100%        5
 Freezing Cloud           Conj/Ice/Air   0%         6-21      100%        5
 Metabolic Englaciation   Hex/Ice        0%         N/A       100%        5
 Silence                  Hex/Air        0%         N/A       100%        5
 Yara's Violent Unravell  Hex/Tmut       0%         3d3       100%        5
 Death Channel            Necr           0%         N/A       100%        6
 Plasma Beam              Fire/Air       0%         2x1d10    100%        6
 Starburst                Conj/Fire      0%         6d3       100%        6
 Enfeeble                 Hex            0%         N/A       100%        7
 Ozocubu's Refrigeration  Ice            0%         4d7       100%        7
 Ignition                 Fire           0%         3d3       100%        8
 Chain Lightning          Conj/Air       0%         N/A       100%        9
 Fire Storm               Conj/Fire      0%         5d1       100%        9
 Shatter                  Erth           0%         3d5*      100%        9


Dungeon Overview and Level Annotations

Branches:
Dungeon (11/15)            Temple (1/1) D:4            Lair (5/5) D:11
 Shoals (0/4) Lair:3        Snake (0/4) Lair:2        Slime (0/5) Lair:5
    Orc (0/2) D:10         Bailey (visited)

Altars:
Ashenzari
Cheibriados
Dithmenos
Elyvilon
Fedhas
Gozag
Hepliaklqana
Kikubaaqudgha
Makhleb
Nemelex Xobeh
Okawaru
Qazlal
Ru
Sif Muna
Trog
Uskayaw
Vehumet
Wu Jian
Xom
Yredelemnul
Zin
The Shining One
Jiyva

Portals:
Trove: D:11 (give 2 scrolls of acquirement)

Annotations:
Lair:3 exclusion: oklob plant


Innate Abilities, Weirdness & Mutations

You are very small and have problems with some larger weapons.
You are too small for most types of armour.
You have supernaturally acute eyesight. (SInv)
You cover ground extremely quickly. (Speed+++)


Message History

The arrow closely misses the blink frog.
The arrow hits the orb spider!
The orb spider is moderately wounded.
You hear a bellow!
The blink frog completely misses you.
You shoot an arrow.
The arrow closely misses the blink frog.
The blink frog completely misses you.
The blink frog blinks!
You shoot an arrow. The arrow hits the blink frog!!
You kill the blink frog!
Qazlal accepts your kill.
Your Armour skill increases to level 7!
You shoot an arrow. The arrow barely misses the orb spider.
The blink frog blinks!
Unknown command.
You shoot an arrow. The arrow hits the blink frog!
The blink frog is heavily wounded.
You hear a bellow!
You shoot an arrow. The arrow barely misses the blink frog.
The arrow barely misses the orb spider.
The blink frog completely misses you. x2
Unknown command.
You shoot an arrow. The arrow hits the blink frog!!!
You kill the blink frog!
Qazlal accepts your kill.
The orb spider spins a strand of pure energy.
You shoot an arrow. The arrow hits the orb spider.
The orb spider is lightly wounded.
You hear a bellow!
You hear a roar!
You shoot an arrow. The arrow hits the orb spider!!
The orb spider is almost dead.
You hear a roar!
You shoot an arrow.
The arrow closely misses the orb spider.
The orb spider weaves a glowing orb of energy.
An orb of destruction comes into view.
You shoot an arrow.
The arrow closely misses the orb spider.
The orb of destruction hits you!!!
Ouch! That really hurt!
You die...

♣♣.......
♣♣...♣
♣...♣♣
♣♣..♣♣♣♣♣
♣.......♣
♣sx♣..Fx.♣
♣○.♣♣♣..S.
♣○♣♣ ♣♣..
♣@♣♣ .
♣†.♣ ♣.☼♣♣
♣♣.†♣♣♣♣
♣.....♣
♣♣...♣♣
♣...♣♣
♣♣...♣♣
♣..†.♣
♣♣♣♣♣


You could see an orb spider and a small abomination.

Vanquished Creatures
  Kirke (Lair:5)
  An orc warlord (Bailey)
  Josephine (D:11)
  A vault guard (D:11)
  A hydra (Lair:5)
  2 boulder beetles
  A catoblepas (Lair:4)
  4 death yaks
  2 skysharks
  2 cyclopes (D:11)
  A faun (shapeshifter) (Lair:5)
  3 ugly things (D:11)
  A manticore (D:11)
  6 black mambas
  A merfolk siren (Lair:3)
  15 elephants
  A torpor snail (Lair:5)
  A smoke demon (Lair:5)
  A gargoyle (D:11)
  12 cane toads
  Psyche (D:8)
  A rime drake (shapeshifter) (D:11)
  10 komodo dragons
  2 trolls
  A tengu conjurer (D:11)
  A meliai (D:10)
  Prince Ribbit (D:8)
  26 blink frogs
  A ynoxinul (Lair:5)
  3 small abominations (Lair:5)
  A shadow (D:9)
  4 wraiths (D:11)
  54 yaks
  3 hogs (Lair:5)
  Grum (D:8)
  7 vampire mosquitoes (D:11)
  4 steam dragons
  8 basilisks
  Menkaure (D:6)
  A large abomination (Lair:5)
  An acid dragon (D:11)
  19 water moccasins
  8 orc warriors
  A black bear (shapeshifter) (D:11)
  4 black bears
  An ogre (D:6)
  6 wolves
  12 centaurs
  2 phantoms
  6 kobold brigands
  2 scorpions
  16 bullfrogs
  A gnoll sergeant (D:11)
  12 wights
  3 howler monkeys
  An electric eel (Lair:5)
  2 quasits (D:5)
  4 hounds
  4 jellies
  A gnoll bouda (D:7)
  3 orc priests (D:10)
  A sleepcap (D:6)
  2 iguanas
  Ijyb (D:3)
  6 orc wizards
  3 hell rats (Lair:1)
  14 gnolls
  4 adders
  5 river rats (Lair:1)
  4 shadow imps
  3 white imps
  4 ufetubi (D:5)
  3 worms
  2 dart slugs
  11 orcs
  11 endoplasms
  A giant cockroach (D:1)
  14 goblins
  8 hobgoblins
  2 jackals (D:1)
  4 quokkas
  7 ball pythons
  7 bats
  6 frilled lizards
  43 kobolds
  4 rats
468 creatures vanquished.

Vanquished Creatures (collateral kills)
  2 death yaks (Lair:4)
  An elephant (Lair:4)
3 creatures vanquished.

Vanquished Creatures (others)
  An orc (D:9)
  A kobold (D:8)
2 creatures vanquished.

Grand Total: 473 creatures vanquished

Notes
Turn   | Place    | Note
-------+----------+-------------------------------------------
     0 | D:1      | 2FriedEggs the Spriggan Hunter began the quest for the Orb.
     0 | D:1      | Reached XP level 1. HP: 10/10 MP: 2/2
   147 | D:1      | Reached XP level 2. HP: 14/14 MP: 3/3
   548 | D:1      | Reached XP level 3. HP: 18/18 MP: 4/4
   994 | D:2      | Reached skill level 5 in Ranged Weapons
  1547 | D:3      | Reached XP level 4. HP: 22/22 MP: 5/5
  1715 | D:3      | Found a faded altar of an unknown god.
  1723 | D:3      | Prayed at the altar of an unknown god.
  1723 | D:3      | Became a worshipper of Qazlal Stormbringer
  1723 | D:3      | Reached * piety under Qazlal
  1783 | D:3      | Found a sparkling altar of Nemelex Xobeh.
  1865 | D:3      | Noticed Ijyb
  2044 | D:3      | Killed Ijyb
  2317 | D:4      | Found a staircase to the Ecumenical Temple.
  2381 | Temple   | Entered the Ecumenical Temple
  2448 | D:4      | You fall into a shaft and drop 3 floors!
  2559 | D:7      | Noticed a centaur
  2631 | D:6      | Reached XP level 5. HP: 25/25 MP: 6/6
  2687 | D:5      | Entered Level 5 of the Dungeon
  2695 | D:5      | Reached skill level 1 in Invocations
  2709 | D:5      | Reached skill level 5 in Dodging
  2709 | D:5      | Reached XP level 6. HP: 25/30 MP: 5/8
  2792 | D:5      | Reached ** piety under Qazlal
  3153 | D:4      | Reached XP level 7. HP: 33/33 MP: 9/9
  4244 | D:6      | Noticed Menkaure
  4251 | D:6      | Killed Menkaure
  4523 | D:6      | Reached XP level 8. HP: 27/37 MP: 4/11
  5163 | D:7      | Found a radiant altar of Vehumet.
  5303 | D:7      | Reached *** piety under Qazlal
  5372 | D:7      | Found a shimmering blue altar of Sif Muna.
  5584 | D:7      | Reached skill level 5 in Invocations
  5695 | D:8      | Reached XP level 9. HP: 34/41 MP: 9/13
  5787 | D:8      | Found a flagged portal.
  5794 | Bailey   | Entered a bailey
  5822 | Bailey   | Noticed an orc warlord
  5928 | Bailey   | Found a runed translucent gate.
  5931 | Bailey   | Found a runed translucent gate.
  5934 | Bailey   | Found a runed translucent gate.
  5961 | Bailey   | Reached skill level 10 in Ranged Weapons
  6007 | Bailey   | Reached **** piety under Qazlal
  6094 | Bailey   | Killed an orc warlord
  6126 | Bailey   | Identified the +4 mace of Equilibrium {speed, +Blink Will+
                  | Str+5 Stlth-}
  6156 | D:8      | Noticed Prince Ribbit
  6168 | D:8      | Killed Prince Ribbit
  6289 | D:8      | Noticed Grum
  6295 | D:8      | Killed Grum
  6414 | D:8      | Reached skill level 10 in Dodging
  6414 | D:8      | Reached XP level 10. HP: 46/46 MP: 15/15
  6416 | D:8      | Noticed Psyche
  6423 | D:8      | Killed Psyche
  7238 | D:9      | Found a broken altar of Ashenzari.
  7641 | D:10     | Entered Level 10 of the Dungeon
  7641 | D:10     | Found a staircase to the Orcish Mines.
  7710 | D:10     | Found a basalt altar of Yredelemnul.
  7717 | D:10     | Found a shimmering altar of Xom.
  7718 | D:10     | Found a stormy altar of Qazlal.
  7718 | D:10     | Found an ancient bone altar of Kikubaaqudgha.
  7719 | D:10     | Found an iron altar of Okawaru.
  8100 | D:10     | Reached XP level 11. HP: 46/49 MP: 16/18
  8502 | D:11     | Noticed a vault guard
  8507 | D:11     | Killed a vault guard
  8512 | D:11     | Found a portal to a secret trove of treasure.
  8531 | D:11     | Reached ***** piety under Qazlal
  8693 | D:11     | Noticed Josephine
  8700 | D:11     | Killed Josephine
  8971 | D:11     | Noticed a cyan ugly thing
  8980 | D:11     | Killed a cyan ugly thing
  9333 | D:11     | Noticed a boulder beetle
  9342 | D:11     | Killed a boulder beetle
  9538 | D:11     | Found a staircase to the Lair.
  9646 | D:11     | Identified the ring of Temperance {Fly EV+5 Int+2}
  9655 | D:11     | Reached XP level 12. HP: 53/53 MP: 20/20
  9856 | D:11     | Identified the ring "Hibrud" {Int+6 Dex+2}
  9860 | D:11     | Identified the ring of the Quick God {Drain +Blink rElec
                  | rPois rCorr}
 10136 | Lair:1   | Entered Level 1 of the Lair of Beasts
 10238 | D:11     | Reached skill level 15 in Ranged Weapons
 10238 | D:11     | Reached skill level 10 in Invocations
 10655 | Lair:1   | Identified the +2 morningstar of Hagar {freeze, Will+++
                  | Int+3 Dex-4}
 11624 | Lair:2   | Reached XP level 13. HP: 57/57 MP: 22/22
 11648 | Lair:2   | Reached skill level 1 in Armour
 11903 | Lair:2   | Reached skill level 15 in Dodging
 12022 | Lair:2   | Found a staircase to the Snake Pit.
 12206 | Lair:2   | Identified the +4 ring mail of Mumnez {-Cast rPois rF++}
 12449 | Lair:3   | Found a shimmering altar of Xom.
 12467 | Lair:3   | Reached ****** piety under Qazlal
 12730 | Lair:3   | Found a staircase to the Shoals.
 13035 | Lair:3   | Identified the +8 flail of Qunud {freeze, rElec Dex+5}
 13244 | Lair:4   | Reached skill level 5 in Armour
 14104 | Lair:5   | Entered Level 5 of the Lair of Beasts
 14415 | Lair:5   | Reached XP level 14. HP: 42/61 MP: 15/25
 14552 | Lair:5   | Upgraded the game from 0.31-a0-795-g5eb97db20b to
                  | 0.31-a0-799-g6bc09d010c
 14836 | Lair:5   | Found a staircase to the Slime Pits.
 14839 | Lair:5   | Found a viscous altar of Jiyva.
 14951 | Lair:5   | Noticed Kirke
 14957 | Lair:5   | Killed Kirke
 15247 | Lair:5   | Blown up by an orb spider (shapeshifter)

Illustrated notes

Levels and vault maps discovered:
D:1:      minmay_arrival_glassed_features, layout_loops_ring, serial_forest,
          infiniplex_forest_end_2, infiniplex_forest_end_3,
          infiniplex_forest_clump_curved, infiniplex_forest_straight_2,
          infiniplex_forest_end_2
D:2:      layout_basic
D:3:      layout_basic, lemuel_tele_altar, ebering_ecumenical_altar_abandoned,
          uniq_ijyb
D:4:      layout_loops_cross, temple_hall, minmay_quadrilaterals
D:5:      layout_basic, serial_demonic, serial_demonic_b, serial_demonic_d,
          serial_demonic_d, serial_demonic_b, saegor_snake_ambush
D:6:      layout_cave_pods, uniq_menkaure
D:7:      layout_rooms, mainiacjoe_overflow_catwalk, vehumet_altar_wand_db
D:8:      layout_loops_ring, enter_bailey_3, uniq_psyche, uniq_prince_ribbit1,
          uniq_grum
D:9:      layout_rooms, mainiacjoe_overflow_tiny_flanked,
          mrwooster_statue_mirror, minmay_misc_feat_diagonals
D:10:     layout_loops_cross, mainiacjoe_overflow_boulevard,
          chequers_temple_overflow_statue_of_worship
D:11:     minmay_the_grid_triangle_9x9_rhombus_thin
          [minmay_the_grid_triangle_9x9_semitri,
          minmay_the_grid_triangle_9x9_prize_special,
          minmay_the_grid_triangle_9x9_impossible_snake,
          minmay_the_grid_triangle_9x9_warning], layout_loops_corners,
          grunt_lair_entry_orc_guard_hut, enter_trove_5, uniq_josephine
Temple:   dshaligram_water_room_temple
Lair:1:   layout_gridlike, kennysheep_abandoned_house, grunt_megastairs_5,
          serial_bayou_shore_b
Lair:2:   layout_big_grid, minmay_snake_entry_six_corridors
Lair:3:   layout_gridlike, minmay_shoals_entry_lonely_mermaid, minmay_holes,
          lemuel_oklob_altar
Lair:4:   layout_regular_city, lemuel_fruit_tree, infiniplex_staircase_pool_2
Lair:5:   hellmonk_lair_end_abyssal_woods, layout_cave_pods, slime_entry_1,
          minivault_11, minivault_27, lemuel_centaur_altar,
          serial_bayou_shore_a, uniq_kirke

Skill      XL: |  1  2  3  4  5  6  7  8  9 10 11 12 13 14 |
---------------+-------------------------------------------+-----
Dodging        | 3 4 5 6 8 10 11 13 14 16 | 16.8
Ranged Weapons | 5 6 7 8 9 11 12 14 16 | 16.0
Invocations    | 1 2 3 5 6 8 9 11 13 14 | 14.1
Armour         | 6 7 |  7.0
Fighting       | |  1.5
Stealth        | |  1.5

Action                     |  1- 3 |  4- 6 |  7- 9 | 10-12 | 13-15 || total
---------------------------+-------+-------+-------+-------+-------++-------
   Fire: Shortbow          |   135 |   154 |    72 |       |       ||   361
         Orcbow            |       |       |   198 |   596 |   391 ||  1185
 Invoke: Upheaval          |       |       |     1 |     2 |     2 ||     5
         Elemental Force   |       |       |       |       |     1 ||     1
         Disaster Area     |       |       |       |       |     1 ||     1
  Evoke: Wand              |       |       |       |     4 |       ||     4
    Use: Scroll            |       |     5 |    13 |       |     1 ||    19
 Armour: Robe              |    14 |    24 |    35 |    68 |       ||   141
         Acid dragon scale |       |       |       |    11 |    43 ||    54
  Dodge: Dodged            |    51 |    69 |   148 |   403 |   275 ||   946
         Repelled          |       |       |       |     1 |       ||     1
  Block: Other             |       |     1 |    22 |   173 |   199 ||   395
         Reflection        |       |       |       |       |     5 ||     5

Table legend: (Time is in decaauts)
 A = Elapsed time spent in this place.
 B = Non-inter-level travel time spent in this place.
 C = Inter-level travel time spent in this place.
 D = Time resting spent in this place.
 E = Time spent auto-exploring this place.
 F = Levels seen in this place.
 G = Mean time per level.
                   A        B        C        D        E       F      G
               +--------+--------+--------+--------+--------+-----+--------+
         Total |  11079 |  10661 |    418 |    923 |   6712 |  18 |  615.5 |
       Dungeon |   7105 |   6800 |    305 |    555 |   4443 |  11 |  645.9 |
        Temple |     19 |     19 |      0 |      0 |      0 |   1 |   19.0 |
          Lair |   3668 |   3555 |    113 |    368 |   2248 |   5 |  733.6 |
        Bailey |    284 |    284 |      0 |      0 |     20 |   1 |  284.0 |
               +--------+--------+--------+--------+--------+-----+--------+

Top non-repeatable levels by time:
    D:11: 1267 daAuts
  Lair:4: 971 daAuts
  Lair:1: 869 daAuts
    D:10: 809 daAuts
     D:6: 729 daAuts
  Lair:2: 707 daAuts
     D:8: 704 daAuts
     D:5: 667 daAuts
  Lair:5: 600 daAuts
     D:3: 549 daAuts
  Lair:3: 520 daAuts
     D:1: 511 daAuts
     D:4: 507 daAuts
     D:9: 472 daAuts
     D:2: 461 daAuts
